 Dungeon Crawl Stone Soup version 0.31-a0-198-g2ad674f65e (webtiles) character file.

Game seed: 5076379732264873284

18 gelatine the Trooper (level 2, 0/24 HPs)
             Began as a Demonspawn Fighter on June 26, 2023.
             Slain by Natasha (4 damage)
             ... on level 2 of the Dungeon.
             The game lasted 00:02:53 (1106 turns).

gelatine the Trooper (Demonspawn Fighter)           Turns: 1106, Time: 00:02:53

Health: 0/24       AC:  6    Str: 16    XL:     2   Next: 48%
Magic:  2/2        EV:  9    Int:  9    God:
Gold:   60         SH:  4    Dex: 12    Spells: 1/1 levels left

rFire   . . .        (no weapon)
rCold   . . .        c - +0 buckler
rNeg    . . .        b - +0 scale mail
rPois   .            (no helmet)
rElec   .            (no cloak)
rCorr   .            (no gloves)
SInv    .            (no boots)
Will    .....        (no amulet) Stlth
                     (no ring)
HPRegen 0.24/turn    (no ring)
MPRegen 0.08/turn

%: no passive effects
@: mighty, slowed, very slow
A: claws 1
a: no special abilities


You were on level 2 of the Dungeon.
You visited 1 branch of the dungeon, and saw 2 of its levels.

You collected 60 gold pieces.

Inventory:

Hand Weapons
 a - a +0 war axe
Missiles
 e - 6 poisoned darts
Armour
 b - a +0 scale mail (worn)
 c - a +0 buckler (worn)
Scrolls
 i - a scroll of poison {unknown}
Potions
 f - a potion of enlightenment {unknown}
 g - a potion of brilliance {unknown}
 h - a potion of curing {unknown}


   Skills:
 * Level 3.2 Fighting
 + Level 1.8 Axes
 * Level 2.9 Armour
 * Level 0.2 Dodging
 * Level 2.8 Shields
 * Level 0.3 Unarmed Combat


You had one spell level left.
You didn't know any spells.
Your spell library was empty.

Dungeon Overview and Level Annotations

Branches:
Dungeon (2/15)

Altars:

Annotations:
D:2 Natasha


Innate Abilities, Weirdness & Mutations

You have sharp fingernails.


Message History

You are too injured to fight recklessly!
You are too injured to fight recklessly!
You are too injured to fight recklessly!
You are too injured to fight recklessly!
You are too injured to fight recklessly!
You are too injured to fight recklessly!
You are too injured to fight recklessly!
You are too injured to fight recklessly!
You are too injured to fight recklessly!
You are too injured to fight recklessly!
You are too injured to fight recklessly!
You are too injured to fight recklessly!
You are too injured to fight recklessly!
You scratch Natasha.
Natasha is moderately wounded.
Natasha stares at you and mumbles some strange words.
The magic dart hits you.
* * * LOW HITPOINT WARNING * * *
Natasha claws you.
* * * LOW HITPOINT WARNING * * *
You scratch Natasha.
Natasha is heavily wounded.
Natasha claws you.
* * * LOW HITPOINT WARNING * * *
Unknown command.
You closely miss Natasha.
Natasha is heavily wounded.
Natasha claws you but does no damage.
Natasha growls.
Natasha claws you.
* * * LOW HITPOINT WARNING * * *
Unknown command.
You feel very mighty all of a sudden.
Natasha casts a spell.
You claw Natasha!
Natasha is almost dead.
Natasha howls an incantation.
You feel troubled. Natasha completely misses you. Natasha claws you.
You die...

# #.#.#.# #.##
# #...#.# #..#
########.#
##.##
.........#
#..######
##########
#.......####
#.#..#.)...#
##..#.......#
#....#......#
#...#@###....#
#...#h# .####
#...5g. #
####....
#..... ......!
........
..........


You could see Natasha, a cerulean imp (summoned, wandering) and a hobgoblin.

Vanquished Creatures
  3 ball pythons
  A giant cockroach (D:1)
  2 goblins (D:1)
  2 hobgoblins (D:1)
  A quokka (D:1)
  4 frilled lizards (D:1)
  3 kobolds (D:1)
  A rat (D:1)
17 creatures vanquished.

Notes
Turn   | Place    | Note
-------+----------+-------------------------------------------
     0 | D:1      | gelatine the Demonspawn Fighter began the quest for the
                  | Orb.
     0 | D:1      | Reached XP level 1. HP: 18/18 MP: 1/1
   441 | D:1      | Discovered your monstrous ancestry.
   441 | D:1      | Gained mutation: You have sharp fingernails. [demonic
                  | ancestry]
   441 | D:1      | Reached XP level 2. HP: 21/24 MP: 2/2
  1098 | D:2      | Noticed Natasha
  1106 | D:2      | Slain by Natasha

Illustrated notes

Levels and vault maps discovered:
D:1:      minmay_arrival_hallway, layout_basic, feat_on_display
D:2:      layout_basic, minmay_misc_feat_square, minmay_split_cup_small,
          uniq_natasha

Action                     || total
---------------------------++-------
  Melee: War axe           ||    32
         Unarmed           ||    37
    Use: Potion            ||     1
 Armour: Scale mail        ||    22
  Dodge: Dodged            ||    24
  Block: Buckler           ||    16

Table legend: (Time is in decaauts)
 A = Elapsed time spent in this place.
 B = Non-inter-level travel time spent in this place.
 C = Inter-level travel time spent in this place.
 D = Time resting spent in this place.
 E = Time spent auto-exploring this place.
 F = Levels seen in this place.
 G = Mean time per level.
                   A        B        C        D        E       F      G
               +--------+--------+--------+--------+--------+-----+--------+
         Total |   1124 |   1075 |     49 |      0 |    924 |   2 |  562.0 |
       Dungeon |   1124 |   1075 |     49 |      0 |    924 |   2 |  562.0 |
               +--------+--------+--------+--------+--------+-----+--------+

Top non-repeatable levels by time:
     D:1: 1017 daAuts
     D:2: 107 daAuts
